 Dungeon Crawl Stone Soup version 0.22.1-2-g9c5b331 (webtiles) character file.

60 tidbits the Caller (level 4, 29/32 HPs)
             Began as a Gnoll Summoner on Dec 5, 2018.
             Quit the game on level 3 of the Dungeon.
             The game lasted 00:04:15 (444 turns).

tidbits the Caller (Gnoll Summoner)                  Turns: 444, Time: 00:04:16

Health: 29/32      AC:  3    Str: 10    XL:     4   Next: 6%
Magic:  4/11       EV: 15    Int: 18    God:
Gold:   45         SH:  0    Dex: 16    Spells: 7/13 levels left

rFire    . . .     SeeInvis .   a - +0 dagger
rCold    . . .     Gourm    .   (no shield)
rNeg     . . .     Faith    .   B - +0 robe
rPois    .         Spirit   .   (no helmet)
rElec    .         Reflect  .   (no cloak)
rCorr    .         Harm     .   (no gloves)
MR       .....                  F - +0 pair of boots
Stlth    +++.......             (no amulet)
HPRegen  0.10/turn              (no ring)
MPRegen  0.12/turn              (no ring)

@: no status effects
A: distributed training, fangs 1, strong nose
a: no special abilities


You were on level 3 of the Dungeon.
You were not hungry.

You visited 1 branch of the dungeon, and saw 3 of its levels.

You collected 45 gold pieces.

Inventory:

Hand Weapons
 a - a +0 dagger (weapon)
 b - a +0 long sword
 d - a +0 hunting sling
Missiles
 f - 14 sling bullets
 h - 18 poisoned needles
 n - 18 bolts
 o - 8 stones (quivered)
Armour
 e - a +0 ring mail
 B - a +0 robe (worn)
 F - a +0 pair of boots (worn)
Scrolls
 j - 2 scrolls of identify {unknown}
 l - a scroll of enchant armour {unknown}
Potions
 g - a potion of cancellation {unknown}
 i - a potion of brilliance {unknown}
 k - a potion of berserk rage {unknown}
 m - a potion of agility {unknown}
Comestibles
 c - 3 rations


   Skills:
 + Level 1.0 Fighting
 + Level 1.0 Short Blades
 + Level 1.0 Long Blades
 + Level 1.0 Axes
 + Level 1.0 Maces & Flails
 + Level 1.0 Polearms
 + Level 1.0 Staves
 + Level 1.0 Slings
 + Level 1.0 Bows
 + Level 1.0 Crossbows
 + Level 1.0 Throwing
 + Level 1.0 Armour
 + Level 4.6 Dodging
 + Level 4.2 Stealth
 + Level 1.0 Shields
 + Level 1.0 Unarmed Combat
 + Level 5.0 Spellcasting
 + Level 0.7 Conjurations
 + Level 0.7 Hexes
 + Level 0.7 Charms
 + Level 7.1 Summonings
 + Level 0.7 Necromancy
 + Level 0.7 Translocations
 + Level 0.7 Transmutations
 + Level 0.7 Fire Magic
 + Level 0.7 Ice Magic
 + Level 0.7 Air Magic
 + Level 0.7 Earth Magic
 + Level 0.7 Poison Magic
 + Level 1.1 Invocations
 + Level 1.0 Evocations


You had 7 spell levels left.
You knew the following spells:

 Your Spells              Type           Power        Failure   Level  Hunger
a - Summon Small Mammal   Summ           ####         1%          1    None
c - Call Canine Familiar  Summ           ####....     2%          3    ##.....
i - Call Imp              Summ           ####....     1%          2    #......

Your spell library contained the following spells:

 Spells                   Type           Power        Failure   Level  Hunger
 Summon Guardian Golem    Hex/Summ       ###.....     8%          3    ##.....
 Summon Ice Beast         Ice/Summ       ###.....     26%         4    ####...
 Summon Lightning Spire   Summ/Air       ###.....     26%         4    ####...


Dungeon Overview and Level Annotations

Branches:
Dungeon (3/15)

Altars:
Fedhas
Qazlal

Annotations:
D:3 Sigmund


Innate Abilities, Weirdness & Mutations

Your experience applies equally to all skills.
You have very sharp teeth.
Your uncanny sense of smell can sniff out nearby items.


Message History

Okay, then.
What are your orders? t - Bark!
Orders for allies: a - Attack new target. p - Attack previous target. r - Retreat! s - Stop attacking. g - Guard the area. f - Follow me.
Anything else - Cancel.
Gang up on whom?
Press: ? - help, Dir - move target cursor, f/p - goblin
Aim: a goblin, wielding a club (moderately wounded) Attack!
The goblin barely misses your hound.
Your hound barely misses the goblin.
What are your orders? t - Bark!
Orders for allies: a - Attack new target. p - Attack previous target. r - Retreat! s - Stop attacking. g - Guard the area. f - Follow me.
Anything else - Cancel.
Gang up on whom?
Press: ? - help, Dir - move target cursor, f/p - goblin
Aim: a goblin, wielding a club (moderately wounded) Attack!
Your hound bites the goblin.
The goblin dies!
You swap places.
Unknown command.
You see here a club.
Unknown command.
Sigmund the Dreaded comes into view.
He is wielding a scythe.
Unknown command.
Unknown command.
The jackal barks!
There is a stone staircase leading up here.
The jackal bites your hound.
Your hound bites the jackal.
Your hound bites the jackal.
The jackal dies!
Your hound misses the jackal.
There is a stone staircase leading down here.
Unknown command.
Casting: Call Canine Familiar (safe; 2% risk of failure)
Confirm with . or Enter, or press ? or * to list all spells.
The jackal closely misses your hound.
Your hound barely misses the jackal.
The jackal completely misses your hound.
Your hound bites the jackal.
The jackal completely misses your hound.
Your hound misses the jackal.
You swap places.
Your hound closely misses the jackal.
The jackal misses your hound. Sigmund hits your hound with a scythe.
Casting: Summon Small Mammal (safe; 1% risk of failure)
Confirm with . or Enter, or press ? or * to list all spells.
A beastly little devil appears in a puff of flame.
Your crimson imp says, "I'm here!"
Your hound closely misses the jackal.
The jackal bites your hound but does no damage.
Your hound bites the jackal.
The jackal dies!
Unknown command.
What are your orders? t - Bark!
Orders for allies: a - Attack new target. r - Retreat! s - Stop attacking. g - Guard the area. f - Follow me.
Anything else - Cancel.
Gang up on whom?
Press: ? - help, Dir - move target cursor, f - Sigmund
Aim: Sigmund, wielding a scythe and wearing a robe Attack!
Sigmund points at you and mumbles some strange words.
The magic dart hits your quokka.
Your quokka dies!
Your quokka's corpse disappears in a puff of smoke!
Your hound closely misses Sigmund.
Casting: Call Imp (safe; 1% risk of failure)
Confirm with . or Enter, or press ? or * to list all spells.
Your hound closely misses Sigmund.
Your hound bites Sigmund but does no damage.
Your hound completely misses Sigmund.
Your crimson imp misses Sigmund.
Unknown command.
Your hound completely misses Sigmund.
Your crimson imp blinks!
Unknown command.
What are your orders? t - Bark!
Orders for allies: a - Attack new target. p - Attack previous target. r - Retreat! s - Stop attacking. g - Guard the area. f - Follow me.
Anything else - Cancel.
Gang up on whom?
Press: ? - help, Dir - move target cursor, f/p - Sigmund
Aim: Sigmund, wielding a scythe and wearing a robe Attack!
Sigmund mumbles some strange words.
Sigmund flickers and vanishes!
Your hound bites something.
Unknown command.
An orc priest and an orc wizard come into view.
Your hound closely misses something.
The rat bites your hound.
Your hound bites the rat.
An orc comes into view. It is wielding a short sword.
Unknown command.
Unknown command.
Are you sure you want to abandon this character and quit the game? (Confirm

.## . .. ∆
.. .# .# .#
###.####.#
.o.o.o...#
#@.# #r.#
#..# #.#
#>.# #.##.#
#..# #.##.#
## #h.#
#.##.# ..
### #r.#
#.##.####
.....###<<#
#.##.....
....hh.÷..#
#.##..###


You could see an orc priest (wandering), an orc wizard (sleeping), an orc
(wandering), a rat, a friendly hound and a friendly quokka.

Vanquished Creatures
  An adder (D:2)
  A dart slug (D:2)
  A leopard gecko (D:3)
  A giant cockroach (D:2)
  2 jackals
  A bat (D:3)
  A frilled lizard (D:3)
  2 rats (D:2)
10 creatures vanquished.

Vanquished Creatures (collateral kills)
  An iguana (D:2)
  An adder (D:3)
  A worm (D:2)
  A leopard gecko (D:3)
  A bat (D:2)
  4 goblins
  2 jackals (D:3)
  A kobold (D:1)
  A quokka (D:3)
13 creatures vanquished.

Grand Total: 23 creatures vanquished

Notes
Turn   | Place    | Note
-------+----------+-------------------------------------------
     0 | D:1      | tidbits the Gnoll Summoner began the quest for the Orb.
     0 | D:1      | Reached XP level 1. HP: 13/13 MP: 6/6
   119 | D:2      | Found a blossoming altar of Fedhas.
   119 | D:2      | Found a stormy altar of Qazlal.
   146 | D:2      | Reached XP level 2. HP: 15/19 MP: 7/7
   150 | D:2      | Learned a level 2 spell: Call Imp
   192 | D:2      | Reached skill level 5 in Spellcasting
   192 | D:2      | Reached skill level 1 in Invocations
   192 | D:2      | Reached XP level 3. HP: 24/25 MP: 7/9
   197 | D:2      | Learned a level 3 spell: Call Canine Familiar
   314 | D:2      | You fall through a shaft!
   348 | D:3      | Reached skill level 1 in Fighting
   348 | D:3      | Reached skill level 1 in Short Blades
   348 | D:3      | Reached skill level 1 in Long Blades
   348 | D:3      | Reached skill level 1 in Axes
   348 | D:3      | Reached skill level 1 in Maces & Flails
   348 | D:3      | Reached skill level 1 in Polearms
   348 | D:3      | Reached skill level 1 in Staves
   348 | D:3      | Reached skill level 1 in Slings
   348 | D:3      | Reached skill level 1 in Bows
   348 | D:3      | Reached skill level 1 in Crossbows
   348 | D:3      | Reached skill level 1 in Throwing
   348 | D:3      | Reached skill level 1 in Armour
   348 | D:3      | Reached skill level 1 in Shields
   348 | D:3      | Reached skill level 1 in Unarmed Combat
   348 | D:3      | Reached skill level 1 in Evocations
   386 | D:3      | Reached XP level 4. HP: 29/32 MP: 1/11
   426 | D:3      | Noticed Sigmund
   444 | D:3      | Quit the game

Skill      XL: |  1  2  3 |
---------------+----------+-----
Spellcasting   | 5 |  5.0
Invocations    | 1 |  1.1
Fighting       | 1 |  1.0
Short Blades   | 1 |  1.0
Long Blades    | 1 |  1.0
Axes           | 1 |  1.0
Maces & Flails | 1 |  1.0
Polearms       | 1 |  1.0
Staves         | 1 |  1.0
Slings         | 1 |  1.0
Bows           | 1 |  1.0
Crossbows      | 1 |  1.0
Throwing       | 1 |  1.0
Armour         | 1 |  1.0
Shields        | 1 |  1.0
Unarmed Combat | 1 |  1.0
Evocations     | 1 |  1.0
Dodging        | |  4.6
Stealth        | |  4.2
Conjurations   | |  0.7
Hexes          | |  0.7
Charms         | |  0.7
Summonings     | |  7.1
Necromancy     | |  0.7
Translocations | |  0.7
Transmutations | |  0.7
Fire Magic     | |  0.7
Ice Magic      | |  0.7
Air Magic      | |  0.7
Earth Magic    | |  0.7
Poison Magic   | |  0.7

Action                   |  1- 3 |  4- 6 || total
-------------------------+-------+-------++-------
Melee: Dagger            |    24 |       ||    24
       Bite              |     3 |       ||     3
       Unarmed           |     1 |       ||     1
 Cast: Summon Small Mamm |     9 |     2 ||    11
       Call Imp          |     2 |     1 ||     3
       Call Canine Famil |     4 |       ||     4
 Stab: Sleeping          |     5 |       ||     5
       Distracted        |     1 |       ||     1
Armor: Robe              |     8 |       ||     8
Dodge: Dodged            |    19 |     1 ||    20

Table legend:
 A = Turns spent in this place as a percentage of turns spent in the entire game.
 B = Non-inter-level travel turns spent in this place as a percentage of non-inter-level travel turns spent in the entire game.
 C = Inter-level travel turns spent in this place as a percentage of turns spent in this place.
 D = Turns resting spent in this place as a percentage of non-inter-level travel turns spent in this place.
 E = Turns spent auto-exploring this place as a percentage of non-inter-level travel turns spent in this place.
 F = Non-inter-level travel turns spent in this place divided by the number of levels of this place that you've seen.
                   A       B       C       D       E      F
               +-------+-------+-------+-------+-------+----------------------
         Total | 100.0 | 100.0 |  10.8 |   0.0 |   0.0 | 132.0
       Dungeon | 100.0 | 100.0 |  10.8 |   0.0 |   0.0 | 132.0
               +-------+-------+-------+-------+-------+----------------------

Table legend:
 A = Kills in this place as a percentage of kills in entire the game.
 B = Kills by you in this place as a percentage of kills by you in the entire game.
 C = Kills by friends in this place as a percentage of kills by friends in the entire game.
 D = Other kills in this place as a percentage of other kills in the entire game.
 E = Experience gained in this place as a percentage of experience gained in the entire game.
 F = Experience gained in this place divided by the number of levels of this place that you have seen.
                   A       B       C       D       E      F
               +-------+-------+-------+-------+-------+----------------------
         Total | 100.0 | 100.0 | 100.0 |   N/A | 100.0 |  29.0
       Dungeon | 100.0 | 100.0 | 100.0 |   N/A | 100.0 |  29.0
               +-------+-------+-------+-------+-------+----------------------

Vault maps used:
D:1:      dpeg_arrival_more_subterranean_lakeside_camping
D:2:      minmay_wonky_spiral, grunt_temple_overflow_forces_of_nature,
          minitemple, first_ration, nicolae_ru_the_path_less_chosen
D:3:      chequers_ecumenical_altar_lobes, uniq_sigmund, uniq_crazy_yiuf_cottage
